[ AOE2 MATCH · #506711514 ]
UnrankedAztecs vs Britons
Player's team · WIN
Rival team · LOSS
[ REPLAY ANALYSIS · EXTRACTED FROM THE RECORDED GAME ]
Feudal
13:32
Castle
18:01
Imperial
—
| APM avg | 53.3 |
| APM peak | 81 |
| eAPM avg | 24.5 |
| Villagers / military | 106 / 35 |
Focus
⚔️ 40.7% · 🌾 59.3%
Archer ×16 · Skirmisher ×10 · Monk ×3 · Militia ×3 · Mangonel ×3
Feudal
9:10
Castle
20:27
Imperial
—
| APM avg | 51.1 |
| APM peak | 89 |
| eAPM avg | 20.3 |
| Villagers / military | 62 / 40 |
Focus
⚔️ 34.0% · 🌾 66.0%
Archer ×31 · Militia ×4 · Mangonel ×3 · Scorpion ×2
Match map
Initial resources + every placement click. Lines = walls · curves = elevation contours. ◆ gold · ⬟ stone · ● berries · ✦ relic · ◌ wall gap
Your base· Open — unwalled flank
_DaViCy_'s base· Open — unwalled flank
Smoothed initial terrain · ◌ = detected wall gap · hover for details
Inputs per minute
— Lootuskukka - - _DaViCy_
Build order — Lootuskukka
First 150 of 253 actions detected
| 0:00 | Queue | Villager (Male) |
| 0:00 | Queue | Villager (Male) |
| 0:01 | Queue | Villager (Male) |
| 0:02 | Build | House |
| 0:03 | Build | House |
| 0:15 | Queue | Villager (Male) |
| 0:16 | Queue | Villager (Male) |
| 1:22 | Queue | Villager (Male) |
| 1:44 | Build | Lumber Camp |
| 1:54 | Queue | Villager (Male) |
| 2:21 | Queue | Villager (Male) |
| 2:45 | Queue | Villager (Male) |
| 2:45 | Queue | Villager (Male) |
| 3:10 | Queue | Villager (Male) |
| 3:41 | Queue | Villager (Male) |
| 3:41 | Queue | Villager (Male) |
| 3:47 | Queue | Villager (Male) |
| 3:50 | Build | House |
| 4:19 | Queue | Villager (Male) |
| 4:32 | Build | Barracks |
| 4:50 | Build | House |
| 5:01 | Queue | Villager (Male) |
| 5:01 | Queue | Villager (Male) |
| 5:02 | Queue | Villager (Male) |
| 5:20 | Build | Palisade Wall |
| 5:28 | Queue | Militia |
| 5:28 | Queue | Militia |
| 5:32 | Queue | Militia |
| 5:37 | Queue | Villager (Male) |
| 6:15 | Queue | Villager (Male) |
| 6:26 | Build | Mill |
| 6:36 | Queue | Villager (Male) |
| 6:44 | Queue | Villager (Male) |
| 6:50 | Build | Palisade Wall |
| 6:50 | Build | Palisade Wall |
| 6:51 | Build | Palisade Wall |
| 6:52 | Build | Palisade Wall |
| 6:52 | Build | Palisade Wall |
| 6:53 | Build | Palisade Wall |
| 6:53 | Build | Palisade Wall |
| 6:54 | Build | Palisade Wall |
| 7:03 | Build | Palisade Wall |
| 7:05 | Build | Palisade Wall |
| 7:25 | Build | House |
| 7:28 | Research | Loom |
| 7:29 | Queue | Villager (Male) |
| 8:00 | Build | House |
| 8:13 | Build | Farm |
| 8:16 | Queue | Villager (Male) |
| 8:30 | Build | Farm |
| 8:55 | Queue | Villager (Male) |
| 8:57 | Queue | Villager (Male) |
| 8:59 | Build | House |
| 9:00 | Build | Palisade Wall |
| 9:07 | Queue | Villager (Male) |
| 9:18 | Build | Palisade Wall |
| 9:26 | Build | Palisade Wall |
| 9:35 | Queue | Villager (Male) |
| 9:52 | Build | Farm |
| 9:53 | Queue | Villager (Male) |
| 10:14 | Build | Mining Camp |
| 10:31 | Build | Palisade Wall |
| 10:32 | Build | Palisade Wall |
| 10:42 | Build | Palisade Wall |
| 10:44 | Build | Palisade Wall |
| 10:46 | Build | Palisade Wall |
| 10:47 | Build | Palisade Wall |
| 10:49 | Build | Palisade Wall |
| 11:01 | Build | Palisade Wall |
| 11:02 | Build | Palisade Wall |
| 11:22 | Research | Feudal Age |
| 11:46 | Build | Palisade Wall |
| 11:53 | Build | Farm |
| 12:00 | Build | Palisade Wall |
| 12:04 | Build | Farm |
| 12:05 | Build | Farm |
| 12:49 | Build | Farm |
| 12:53 | Build | Farm |
| 13:15 | Queue | Villager (Male) |
| 13:15 | Queue | Villager (Male) |
| 13:32 | Age | Feudal Age |
| 13:34 | Build | Archery Range |
| 13:36 | Build | Blacksmith |
| 13:47 | Queue | Villager (Male) |
| 14:17 | Build | House |
| 14:28 | Queue | Villager (Male) |
| 14:28 | Queue | Villager (Male) |
| 14:29 | Queue | Archer |
| 14:30 | Queue | Archer |
| 14:46 | Build | Farm |
| 15:01 | Build | House |
| 15:21 | Research | Castle Age |
| 15:23 | Queue | Villager (Male) |
| 15:33 | Build | House |
| 15:41 | Build | House |
| 15:52 | Queue | Archer |
| 15:55 | Research | Double-Bit Axe |
| 16:19 | Research | Fletching |
| 16:39 | Queue | Archer |
| 16:47 | Research | Horse Collar |
| 16:56 | Queue | Archer |
| 17:10 | Build | House |
| 17:24 | Queue | Villager (Male) |
| 17:33 | Queue | Archer |
| 18:01 | Age | Castle Age |
| 18:04 | Research | Crossbowman (upgrade) |
| 18:14 | Research | Bodkin Arrow |
| 18:14 | Research | Bodkin Arrow |
| 18:17 | Build | Town Center |
| 18:26 | Queue | Villager (Male) |
| 18:26 | Queue | Villager (Male) |
| 18:43 | Build | Farm |
| 19:04 | Queue | Villager (Male) |
| 19:04 | Queue | Villager (Male) |
| 19:06 | Queue | Archer |
| 19:06 | Queue | Archer |
| 19:19 | Queue | Villager (Male) |
| 19:20 | Build | Farm |
| 19:32 | Build | Farm |
| 19:32 | Queue | Villager (Male) |
| 19:33 | Queue | Archer |
| 19:48 | Queue | Villager (Male) |
| 19:51 | Build | Farm |
| 20:03 | Queue | Villager (Male) |
| 20:06 | Build | Farm |
| 20:24 | Queue | Archer |
| 20:24 | Queue | Archer |
| 20:27 | Build | Farm |
| 20:28 | Build | Farm |
| 20:34 | Queue | Villager (Male) |
| 20:41 | Build | Siege Workshop |
| 20:58 | Queue | Villager (Male) |
| 20:59 | Queue | Villager (Male) |
| 21:22 | Build | Farm |
| 21:23 | Build | Farm |
| 21:25 | Build | Farm |
| 21:25 | Queue | Villager (Male) |
| 21:25 | Queue | Villager (Male) |
| 21:34 | Build | Siege Workshop |
| 21:37 | Queue | Villager (Male) |
| 21:46 | Queue | Villager (Male) |
| 21:50 | Build | Farm |
| 21:50 | Build | Farm |
| 22:03 | Build | House |
| 22:10 | Queue | Archer |
| 22:10 | Queue | Archer |
| 22:14 | Queue | Villager (Male) |
| 22:14 | Queue | Villager (Male) |
| 22:20 | Queue | Mangonel |
| 22:33 | Queue | Villager (Male) |
Build order — _DaViCy_
First 150 of 178 actions detected
| 0:00 | Queue | Villager (Male) |
| 0:02 | Build | House |
| 0:02 | Build | House |
| 0:12 | Queue | Villager (Male) |
| 0:12 | Queue | Villager (Male) |
| 0:14 | Queue | Villager (Male) |
| 1:17 | Queue | Villager (Male) |
| 1:17 | Queue | Villager (Male) |
| 1:47 | Queue | Villager (Male) |
| 1:47 | Queue | Villager (Male) |
| 1:57 | Queue | Villager (Male) |
| 1:57 | Queue | Villager (Male) |
| 2:03 | Build | Lumber Camp |
| 2:23 | Queue | Villager (Male) |
| 2:37 | Queue | Villager (Male) |
| 2:59 | Queue | Villager (Male) |
| 3:17 | Queue | Villager (Male) |
| 3:50 | Build | House |
| 4:31 | Queue | Villager (Male) |
| 4:31 | Queue | Villager (Male) |
| 4:40 | Research | Loom |
| 4:55 | Queue | Villager (Male) |
| 5:07 | Queue | Villager (Male) |
| 5:08 | Queue | Villager (Male) |
| 6:04 | Build | Barracks |
| 6:13 | Queue | Villager (Male) |
| 6:56 | Build | Mining Camp |
| 7:00 | Research | Feudal Age |
| 7:01 | Research | Feudal Age |
| 7:05 | Build | House |
| 7:23 | Queue | Militia |
| 7:23 | Queue | Militia |
| 8:03 | Build | Mill |
| 8:04 | Queue | Militia |
| 8:27 | Queue | Militia |
| 8:39 | Build | Palisade Wall |
| 8:40 | Build | Palisade Wall |
| 8:43 | Build | Palisade Wall |
| 8:45 | Build | Palisade Wall |
| 8:48 | Build | Palisade Wall |
| 8:51 | Build | Palisade Wall |
| 9:09 | Queue | Villager (Male) |
| 9:10 | Age | Feudal Age |
| 9:17 | Research | Double-Bit Axe |
| 9:23 | Queue | Villager (Male) |
| 9:33 | Build | Palisade Wall |
| 9:44 | Build | Palisade Wall |
| 9:48 | Queue | Villager (Male) |
| 9:54 | Build | Archery Range |
| 10:08 | Research | Man-at-Arms (upgrade) |
| 10:13 | Queue | Villager (Male) |
| 10:25 | Build | Farm |
| 10:28 | Build | Farm |
| 10:29 | Build | House |
| 10:49 | Queue | Villager (Male) |
| 10:53 | Build | House |
| 10:57 | Build | Farm |
| 11:02 | Build | House |
| 11:04 | Queue | Villager (Male) |
| 11:06 | Build | House |
| 11:29 | Build | Farm |
| 11:35 | Queue | Villager (Male) |
| 11:47 | Build | Farm |
| 11:49 | Queue | Villager (Male) |
| 12:23 | Queue | Archer |
| 12:23 | Queue | Archer |
| 12:29 | Queue | Villager (Male) |
| 12:32 | Build | Farm |
| 12:44 | Build | Farm |
| 12:47 | Queue | Villager (Male) |
| 13:02 | Build | Farm |
| 13:12 | Queue | Villager (Male) |
| 13:19 | Queue | Archer |
| 13:26 | Queue | Villager (Male) |
| 13:35 | Build | Farm |
| 13:38 | Queue | Archer |
| 14:11 | Queue | Villager (Male) |
| 14:12 | Build | Farm |
| 14:25 | Queue | Villager (Male) |
| 14:26 | Queue | Archer |
| 14:35 | Queue | Villager (Male) |
| 14:54 | Build | Farm |
| 14:56 | Queue | Archer |
| 15:08 | Build | Farm |
| 15:21 | Queue | Villager (Male) |
| 15:22 | Queue | Archer |
| 15:34 | Queue | Villager (Male) |
| 15:52 | Queue | Archer |
| 16:05 | Queue | Villager (Male) |
| 16:29 | Queue | Archer |
| 16:34 | Queue | Villager (Male) |
| 16:53 | Build | Blacksmith |
| 16:58 | Queue | Archer |
| 17:12 | Queue | Villager (Male) |
| 17:17 | Build | Lumber Camp |
| 17:40 | Build | House |
| 17:47 | Research | Castle Age |
| 18:07 | Research | Gold Mining |
| 18:27 | Build | Watch Tower |
| 18:34 | Queue | Archer |
| 18:39 | Research | Padded Archer Armor |
| 18:43 | Queue | Archer |
| 19:03 | Research | Fletching |
| 19:31 | Queue | Archer |
| 19:38 | Queue | Villager (Male) |
| 20:07 | Queue | Villager (Male) |
| 20:10 | Queue | Archer |
| 20:24 | Research | Horse Collar |
| 20:27 | Age | Castle Age |
| 20:35 | Build | Siege Workshop |
| 20:37 | Research | Crossbowman (upgrade) |
| 20:51 | Research | Bodkin Arrow |
| 21:03 | Build | Farm |
| 21:06 | Queue | Archer |
| 21:30 | Queue | Archer |
| 21:34 | Queue | Scorpion |
| 21:38 | Queue | Villager (Male) |
| 21:40 | Build | Farm |
| 21:55 | Queue | Archer |
| 22:00 | Queue | Scorpion |
| 22:10 | Build | House |
| 22:14 | Build | Farm |
| 22:16 | Build | House |
| 22:25 | Research | Town Watch |
| 22:47 | Queue | Villager (Male) |
| 23:07 | Build | House |
| 23:12 | Queue | Archer |
| 23:13 | Build | House |
| 23:14 | Queue | Villager (Male) |
| 23:22 | Build | Lumber Camp |
| 23:24 | Queue | Villager (Male) |
| 24:01 | Queue | Archer |
| 24:02 | Queue | Villager (Male) |
| 24:15 | Queue | Villager (Male) |
| 24:21 | Research | Leather Archer Armor |
| 24:22 | Queue | Archer |
| 24:44 | Queue | Archer |
| 24:47 | Queue | Villager (Male) |
| 25:08 | Queue | Archer |
| 25:19 | Queue | Villager (Male) |
| 25:30 | Queue | Archer |
| 25:34 | Queue | Villager (Male) |
| 25:37 | Build | University |
| 25:41 | Build | Farm |
| 25:42 | Build | Farm |
| 26:00 | Queue | Villager (Male) |
| 26:15 | Queue | Archer |
| 26:27 | Queue | Villager (Male) |
| 26:31 | Build | Farm |
| 26:32 | Build | Farm |
Match timeline
| 4:32 | Lootuskukka · first_building Barracks |
| 5:20 | Lootuskukka · wall_segment Palisade Wall x7 |
| 6:04 | _DaViCy_ · first_building Barracks |
| 6:50 | Lootuskukka · wall_segment Palisade Wall x1 |
| 6:50 | Lootuskukka · wall_segment Palisade Wall x1 |
| 6:51 | Lootuskukka · wall_segment Palisade Wall x1 |
| 6:52 | Lootuskukka · wall_segment Palisade Wall x1 |
| 6:52 | Lootuskukka · wall_segment Palisade Wall x1 |
| 6:53 | Lootuskukka · wall_segment Palisade Wall x1 |
| 6:53 | Lootuskukka · wall_segment Palisade Wall x1 |
| 6:54 | Lootuskukka · wall_segment Palisade Wall x1 |
| 7:03 | Lootuskukka · wall_segment Palisade Wall x1 |
| 7:05 | Lootuskukka · wall_segment Palisade Wall x5 |
| 8:39 | _DaViCy_ · wall_segment Palisade Wall x1 |
| 8:40 | _DaViCy_ · wall_segment Palisade Wall x1 |
| 8:43 | _DaViCy_ · wall_segment Palisade Wall x1 |
| 8:45 | _DaViCy_ · wall_segment Palisade Wall x1 |
| 8:48 | _DaViCy_ · wall_segment Palisade Wall x1 |
| 8:51 | _DaViCy_ · wall_segment Palisade Wall x1 |
| 9:00 | Lootuskukka · wall_segment Palisade Wall x20 |
| 9:10 | _DaViCy_ · age_up feudal |
| 9:18 | Lootuskukka · wall_segment Palisade Wall x8 |
| 9:26 | Lootuskukka · wall_segment Palisade Wall x1 |
| 9:33 | _DaViCy_ · wall_segment Palisade Wall x1 |
| 9:44 | _DaViCy_ · wall_segment Palisade Wall x1 |
| 9:54 | _DaViCy_ · first_building Archery Range |
| 10:31 | Lootuskukka · wall_segment Palisade Wall x1 |
| 10:32 | Lootuskukka · wall_segment Palisade Wall x1 |
| 10:42 | Lootuskukka · wall_segment Palisade Wall x1 |
| 10:44 | Lootuskukka · wall_segment Palisade Wall x1 |
| 10:46 | Lootuskukka · wall_segment Palisade Wall x1 |
| 10:47 | Lootuskukka · wall_segment Palisade Wall x1 |
| 10:49 | Lootuskukka · wall_segment Palisade Wall x1 |
| 11:01 | Lootuskukka · wall_segment Palisade Wall x1 |
| 11:02 | Lootuskukka · wall_segment Palisade Wall x1 |
| 11:46 | Lootuskukka · wall_segment Palisade Wall x1 |
| 12:00 | Lootuskukka · wall_segment Palisade Wall x1 |
| 13:32 | Lootuskukka · age_up feudal |
| 13:34 | Lootuskukka · first_building Archery Range |
| 18:01 | Lootuskukka · age_up castle |
| 20:27 | _DaViCy_ · age_up castle |
| 20:35 | _DaViCy_ · first_building Siege Workshop |
| 20:41 | Lootuskukka · first_building Siege Workshop |
| 26:58 | Lootuskukka · wall_segment Palisade Wall x1 |
| 28:55 | Lootuskukka · first_building Monastery |
| 29:15 | _DaViCy_ · wall_segment Palisade Wall x1 |
| 30:05 | _DaViCy_ · resign |
[ AI ANALYSIS · 1 CREDIT ]
What really happened in this match?
Wolo.gg analyzes every decision: build order, eco, micro, common mistakes by bracket. Personalized analysis on WhatsApp or Discord in 30 seconds.
Civ guide
Aztecs
Perfil
Jugador #18413060